 Dungeon Crawl Stone Soup version 0.29-a0-233-g1125b37a9b (webtiles) character file.

Game seed: 8233702739070650028

19 bande the Covered (level 2, -2/19 HPs)
             Began as a Gargoyle Fighter on Mar 2, 2022.
             Slain by a worm (8 damage)
             ... on level 2 of the Dungeon.
             The game lasted 00:01:16 (993 turns).

bande the Covered (Gargoyle Fighter)                 Turns: 993, Time: 00:01:16

Health: -2/19      AC:  9    Str: 19    XL:     2   Next: 75%
Magic:  2/2        EV:  9    Int:  8    God:
Gold:   101        SH:  4    Dex:  9    Spells: 1/1 levels left

rFire   . . .      SeeInvis .   a - +1 war axe
rCold   . . .      Faith    .   c - +0 buckler
rNeg    + . .      Spirit   .   b - +0 scale mail
rPois   ∞          Reflect  .   (no helmet)
rElec   +          Harm     .   (no cloak)
rCorr   .          Rampage  .   (no gloves)
Will    .....                   (no boots)
Stlth   ..........              (no amulet)
HPRegen 0.06/turn               (no ring)
MPRegen 0.08/turn               (no ring)

@: no status effects
A: sickness immunity, AC +2, negative energy resistance 1, electricity
resistance, torment resistance 1, petrification resistance
a: no special abilities


You were on level 2 of the Dungeon.
You visited 1 branch of the dungeon, and saw 2 of its levels.

You collected 101 gold pieces.

Inventory:

Hand Weapons
 a - a +1 war axe (weapon)
Armour
 b - a +0 scale mail (worn)
 c - a +0 buckler (worn)
Potions
 d - a potion of might
 f - a potion of mutation {unknown}
 g - a potion of haste {unknown}
 h - a potion of lignification {unknown}
 i - a potion of curing {unknown}


   Skills:
 + Level 3.5 Fighting
 + Level 1.9 Axes
 + Level 3.7 Armour
 + Level 0.1 Dodging
 + Level 3.5 Shields


You had one spell level left.
You didn't know any spells.
Your spell library was empty.

Dungeon Overview and Level Annotations

Branches:
Dungeon (2/15)

Altars:


Innate Abilities, Weirdness & Mutations

You are immune to sickness and miasma.
Your stone body is resilient. (AC +2)
You are immune to poison.
You resist negative energy. (rN+)
You are resistant to electric shocks. (rElec)
You are resistant to unholy torment.
You are immune to petrification.


Message History

You hit the kobold.
The kobold is moderately wounded.
You block the kobold's attack.
You barely miss the kobold.
The kobold is moderately wounded.
The kobold barely misses you. The kobold hits you with a +0 whip.
You barely miss the kobold.
The kobold is moderately wounded.
The kobold hits you but does no damage.
You barely miss the kobold.
The kobold is moderately wounded.
The kobold hits you but does no damage. x2
You barely miss the kobold.
The kobold is moderately wounded.
The kobold closely misses you.
You hit the kobold.
You kill the kobold!
A worm comes into view.
A worm is nearby!
The worm bites you but does no damage.
You barely miss the worm. The worm closely misses you.
You slash the worm!
The worm is heavily wounded.
You slash the worm!
The worm is almost dead.
The worm bites you but does no damage.
You barely miss the worm.
The worm is almost dead.
The worm barely misses you.
You hit the worm but do no damage.
The worm is almost dead.
The worm bites you!
You are too injured to fight recklessly!
You are too injured to fight recklessly!
You are too injured to fight recklessly!
A worm is nearby!
You barely miss the worm.
The worm is severely wounded.
The worm bites you!
You die...

#################
......##.........
#.......<.#
#.<....w..#
#.......####@.#
..####..## #..##
....# #..>#
#.##.# #)..# #.
#.# #...# # #..
...># ### ##..#
... ....


You could see a worm.

Vanquished Creatures
  2 bats (D:1)
  An endoplasm (D:1)
  A giant cockroach (D:1)
  3 goblins (D:1)
  2 hobgoblins (D:1)
  A frilled lizard (D:1)
  6 kobolds
16 creatures vanquished.

Notes
Turn   | Place    | Note
-------+----------+-------------------------------------------
     0 | D:1      | bande the Gargoyle Fighter began the quest for the Orb.
     0 | D:1      | Reached XP level 1. HP: 14/14 MP: 1/1
   181 | D:1      | Reached XP level 2. HP: 19/19 MP: 2/2
   733 | D:1      | Found a faded altar of an unknown god.
   993 | D:2      | Slain by a worm

Illustrated notes

Levels and vault maps discovered:
D:1:      dpeg_arrival_tiny_j, layout_basic, dilly_ecumenical_altar_fadedgnrine
D:2:      layout_loops_ring

Action                   || total
-------------------------++-------
Melee: War axe           ||    57
  Use: Scroll            ||     2
Armor: Scale mail        ||    36
Dodge: Dodged            ||    23
Block: Buckler           ||    10

Table legend: (Time is in decaauts)
 A = Elapsed time spent in this place.
 B = Non-inter-level travel time spent in this place.
 C = Inter-level travel time spent in this place.
 D = Time resting spent in this place.
 E = Time spent auto-exploring this place.
 F = Levels seen in this place.
 G = Mean time per level.
                   A        B        C        D        E       F      G
               +--------+--------+--------+--------+--------+-----+--------+
         Total |   1018 |   1018 |      0 |      0 |    761 |   2 |  509.0 |
       Dungeon |   1018 |   1018 |      0 |      0 |    761 |   2 |  509.0 |
               +--------+--------+--------+--------+--------+-----+--------+

Top non-repeatable levels by time:
     D:1: 978 daAuts
     D:2: 40 daAuts
